 Dungeon Crawl Stone Soup version 0.31-a0-175-g9f7f995f2b (webtiles) character file.

Game seed: 7788769010056754073

159 qw the Shooter (level 5, -3/49 HPs)
             Began as a Naga Hunter on June 16, 2023.
             Slain by Pikel
             ... wielding a +1 whip of freezing
              (6 damage)
             ... on level 4 of the Dungeon.
             The game lasted 00:00:41 (2398 turns).

qw the Shooter (Naga Hunter)                        Turns: 2398, Time: 00:00:41

Health: -3/49      AC:  3    Str: 14    XL:     5   Next: 40%
Magic:  5/5        EV: 10    Int:  9    God:
Gold:   22         SH:  0    Dex: 22    Spells: 4/4 levels left

rFire   . . .        Y - +1 shortbow
rCold   . . .        (shield currently unavailable)
rNeg    . . .        c - +0 leather armour
rPois   +            (no helmet)
rElec   .            (no cloak)
rCorr   .            (no gloves)
SInv    +            (no barding)
Will    .....        (no amulet)
Stlth   ++           d - +6 ring of dexterity
HPRegen 0.28/turn    (no ring)
MPRegen 0.09/turn

%: no passive effects
@: short of breath, very slow
A: AC +1, large, see invisible, deformed body, poison resistance, slowness 2,
spit poison 1, naga tail 1
a: Spit Poison


You were on level 4 of the Dungeon.
You visited 1 branch of the dungeon, and saw 4 of its levels.

You collected 256 gold pieces.
You spent 234 gold pieces at shops.


Innate Abilities, Weirdness & Mutations

Your serpentine skin is tough. (AC +1)
You have supernaturally acute eyesight. (SInv)
Armour fits poorly on your strangely shaped body.
Your system is resistant to poisons. (rPois)
You cover ground very slowly.
You can spit poison.
You have a snake-like lower body.


   Skills:
 - Level 3.3 Fighting
 + Level 5.0 Ranged Weapons
 - Level 2.1 Dodging
 - Level 1.5 Stealth


You had 4 spell levels left.
You didn't know any spells.
Your spell library was empty.

Inventory:

Hand Weapons
 Y - a +1 shortbow (weapon)
Armour
 c - a +0 leather armour (worn)
Jewellery
 d - a +6 ring of dexterity (left hand)
 g - a ring of wizardry
Wands
 h - a wand of iceblast (2)
Scrolls
 b - 2 scrolls of identify
Potions
 a - a potion of mutation {unknown}
 e - a potion of resistance {unknown}
 f - a potion of curing {unknown}

Dungeon Overview and Level Annotations

Branches:
Dungeon (4/15)
 Temple: D:4-7

Altars:
Hepliaklqana
The Shining One

Shops:
D:4 *

Annotations:
D:2 1 runed translucent door, Crazy Yiuf
D:4 Pikel


Message History

Pikel hits you with a +1 whip of freezing.
Pikel freezes you.
You shoot an arrow. The arrow barely misses Pikel.
You have got your breath back.
The lemure hits you but does no damage. Pikel closely misses you.
2394 ||| INVOKING Spit Poison.
Aiming: Spit Poison (1% risk of failure)
Press: ? - help, Shift-Dir - straight line, f/p - Pikel The splash of poison hits Pikel but does no damage.
Pikel is poisoned.
Pikel is lightly wounded.
The lemure hits you. Pikel waves his whip at you.
Pikel hits you with a +1 whip of freezing.
Pikel freezes you.
You shoot an arrow. The arrow closely misses Pikel.
The arrow hits the lemure but does no damage.
The lemure hits you. Pikel completely misses you.
The goblin completely misses you.
You shoot an arrow. The arrow barely misses Pikel.
The arrow hits the lemure!
The lemure is moderately wounded.
You have got your breath back.
The lemure barely misses you.
Pikel hits you with a +1 whip of freezing!
Pikel freezes you. The goblin hits you but does no damage.
2397 ||| INVOKING Spit Poison.
Aiming: Spit Poison (1% risk of failure)
Press: ? - help, Shift-Dir - straight line, f/p - Pikel You fail to use your ability.
The lemure hits you!
Pikel hits you with a +1 whip of freezing.
Pikel freezes you.
2398 ||| INVOKING Spit Poison.
Aiming: Spit Poison (1% risk of failure)
Press: ? - help, Shift-Dir - straight line, f/p - Pikel The splash of poison hits Pikel.
Pikel is moderately wounded.
The lemure barely misses you.
Pikel hits you with a +1 whip of freezing.
You die...

.###..........#### #..
..##.............#...#
..........####\....>..
..........# #.....#..#
.........#####.#..## .#
.........###...##..#..#
...............# .....#
8..##..........##5....#
...##...........@Kg...#
8.<.#............5...)#
.................5......
### ................###.
. ................#
..................
.................#
#.#............##


You could see Pikel (poisoned), 3 lemures and a goblin.

Vanquished Creatures
  A lemure (D:4)
  An iguana (D:3)
  Jessica (D:2)
  Terence (D:3)
  2 adders
  A worm (D:2)
  A dart slug (D:3)
  3 orcs
  7 bats
  5 endoplasms
  2 giant cockroaches
  3 goblins
  4 hobgoblins
  3 jackals (D:2)
  5 kobolds
  A quokka (D:3)
  11 ball pythons
  A frilled lizard (D:3)
  2 rats
55 creatures vanquished.

Notes
Turn   | Place    | Note
-------+----------+-------------------------------------------
     0 | D:1      | qw the Naga Hunter began the quest for the Orb.
     0 | D:1      | Reached XP level 1. HP: 19/19 MP: 1/1
     0 | D:1      | 0 ||| qw: Version: 0.2-a-29-g511e9b1
     0 | D:1      | 0 ||| qw: Game counter: 41
     0 | D:1      | 0 ||| qw: Always use a shield: true
     0 | D:1      | 0 ||| qw: God list: Okawaru
     0 | D:1      | 0 ||| qw: Allow faded altars: false
     0 | D:1      | 0 ||| qw: Do Orc after D:15 true
     0 | D:1      | 0 ||| qw: Do second Lair branch before Depths: true
     0 | D:1      | 0 ||| qw: Lair rune preference: random
     0 | D:1      | 0 ||| qw: Plans: Normal
     0 | D:1      | 0 ||| PLANNING D:1-11
   163 | D:1      | 163 ||| INVOKING Spit Poison.
   313 | D:1      | 313 ||| INVOKING Spit Poison.
   456 | D:1      | 456 ||| INVOKING Spit Poison.
   457 | D:1      | Reached skill level 4 in Ranged Weapons
   457 | D:1      | Reached XP level 2. HP: 26/26 MP: 2/2
   495 | D:1      | 495 ||| INVOKING Spit Poison.
   695 | D:1      | 695 ||| READING scroll labelled USSUOTHROMET.
   696 | D:1      | 696 ||| DROPPING scroll of butterflies.
   743 | D:2      | 743 ||| INVOKING Spit Poison.
   751 | D:2      | 751 ||| INVOKING Spit Poison.
   755 | D:2      | 755 ||| INVOKING Spit Poison.
   760 | D:2      | 760 ||| INVOKING Spit Poison.
   843 | D:2      | 843 ||| INVOKING Spit Poison.
   849 | D:2      | 849 ||| INVOKING Spit Poison.
   867 | D:2      | Noticed Jessica
   869 | D:2      | 869 ||| INVOKING Spit Poison.
   875 | D:2      | 875 ||| INVOKING Spit Poison.
   875 | D:2      | Killed Jessica
   876 | D:2      | Reached XP level 3. HP: 26/32 MP: 3/3
   916 | D:2      | 916 ||| INVOKING Spit Poison.
   978 | D:2      | 978 ||| INVOKING Spit Poison.
   984 | D:2      | 984 ||| INVOKING Spit Poison.
  1028 | D:2      | 1028 ||| INVOKING Spit Poison.
  1029 | D:2      | Reached skill level 5 in Ranged Weapons
  1029 | D:2      | Reached XP level 4. HP: 38/39 MP: 4/4
  1101 | D:2      | Found a runed translucent door.
  1102 | D:2      | Noticed Crazy Yiuf
  1135 | D:2      | 1135 ||| INVOKING Spit Poison.
  1217 | D:2      | Found a faded altar of an unknown god.
  1304 | D:2      | 1304 ||| INVOKING Spit Poison.
  1513 | D:2      | 1513 ||| UPGRADING to +6 ring of dexterity.
  1514 | D:2      | 1514 ||| READING 2 scrolls labelled SIV ZYFACOHOGOJE.
  1515 | D:2      | 1515 ||| READING scroll labelled QEALEMA CUROLI.
  1532 | D:3      | 1532 ||| INVOKING Spit Poison.
  1556 | D:3      | 1556 ||| INVOKING Spit Poison.
  1585 | D:3      | 1585 ||| INVOKING Spit Poison.
  1602 | D:3      | 1602 ||| INVOKING Spit Poison.
  1606 | D:3      | 1606 ||| INVOKING Spit Poison.
  1679 | D:3      | 1679 ||| INVOKING Spit Poison.
  1689 | D:3      | 1689 ||| INVOKING Spit Poison.
  1717 | D:3      | 1717 ||| INVOKING Spit Poison.
  1723 | D:3      | Noticed Terence
  1724 | D:3      | 1724 ||| INVOKING Spit Poison.
  1728 | D:3      | 1728 ||| INVOKING Spit Poison.
  1730 | D:3      | Killed Terence
  1731 | D:3      | Reached skill level 3 in Fighting
  1731 | D:3      | Reached XP level 5. HP: 32/49 MP: 5/5
  1801 | D:3      | 1801 ||| INVOKING Spit Poison.
  1802 | D:3      | 1802 ||| INVOKING Spit Poison.
  1818 | D:3      | 1818 ||| INVOKING Spit Poison.
  1855 | D:3      | 1855 ||| INVOKING Spit Poison.
  1858 | D:3      | 1858 ||| INVOKING Spit Poison.
  1902 | D:3      | 1902 ||| INVOKING Spit Poison.
  1911 | D:3      | 1911 ||| INVOKING Spit Poison.
  2068 | D:3      | 2068 ||| INVOKING Spit Poison.
  2095 | D:3      | 2095 ||| INVOKING Spit Poison.
  2103 | D:3      | Found a hazy altar of Hepliaklqana.
  2253 | D:3      | 2253 ||| READING scroll labelled OXYTOEPHEV YPPUZOO.
  2275 | D:4      | 2275 ||| PLANNING SEWER
  2276 | D:4      | 2276 ||| INVOKING Spit Poison.
  2320 | D:4      | Found a glowing golden altar of the Shining One.
  2350 | D:4      | Identified the +7 hand axe of Due Proportion {freeze, rC+}
  2362 | D:4      | Found Pollasom's Assorted Antiques.
  2370 | D:4      | 2370 ||| BUYING cabochon ring (130 gold).
  2370 | D:4      | Bought a cabochon ring for 130 gold pieces
  2370 | D:4      | 2370 ||| BUYING crooked bronze wand (104 gold).
  2370 | D:4      | Bought a crooked bronze wand for 104 gold pieces
  2370 | D:4      | 2370 ||| SHOPLISTING helmet (117 gold, have 22).
  2370 | D:4      | 2370 ||| SHOPLISTING sapphire potion (23 gold, have 22).
  2370 | D:4      | 2370 ||| SHOPLISTING scroll of identify (52 gold, have 22).
  2382 | D:4      | Noticed a lemure
  2384 | D:4      | 2384 ||| INVOKING Spit Poison.
  2384 | D:4      | Noticed Pikel
  2386 | D:4      | Noticed a lemure
  2387 | D:4      | 2387 ||| INVOKING Spit Poison.
  2391 | D:4      | Killed a lemure
  2391 | D:4      | Noticed a lemure
  2392 | D:4      | Noticed a lemure
  2394 | D:4      | 2394 ||| INVOKING Spit Poison.
  2397 | D:4      | 2397 ||| INVOKING Spit Poison.
  2397 | D:4      | HP: 9/49 [lemure[Pikel] (8)]
  2397 | D:4      | HP: 4/49 [Pikel/+1 whip of freezing (5)]
  2398 | D:4      | 2398 ||| INVOKING Spit Poison.
  2398 | D:4      | Slain by Pikel

Levels and vault maps discovered:
D:1:      ncdulo_halloftheorcs, layout_loops_ring
D:2:      layout_loops_cross, shapermc_ecumenical_altar_acropolis,
          minmay_pentomino_o2, uniq_crazy_yiuf_cottage, uniq_jessica
D:3:      layout_loops_ring, marbit_many_paths, uniq_terence
D:4:      layout_cave_pools, pdpol_temple_overflow_zin_treasury_gozag_greed,
          tso_metal_star, mainiacjoe_overflow_alcove_2, serial_column_ruins,
          column_ruins_circle_small, column_ruins_columns_dead_end,
          column_ruins_grid_1, column_ruins_open_medium,
          column_ruins_columns_corner, column_ruins_corridor_straight,
          column_ruins_grid_3, portal_sewer_entry_f, serial_shops, shop,
          uniq_pikel

Skill      XL: |  1  2  3  4  5 |
---------------+----------------+-----
Ranged Weapons | 4 5 |  5.0
Fighting       | 3 |  3.3
Dodging        | 2 |  2.1
Stealth        | |  1.5

Action                     |  1- 3 |  4- 6 || total
---------------------------+-------+-------++-------
   Fire: Shortbow          |    37 |    60 ||    97
Ability: Spit Poison       |    16 |    25 ||    41
    Use: Scroll            |     1 |     3 ||     4
 Armour: Leather armour    |     3 |     5 ||     8
  Dodge: Dodged            |    10 |    13 ||    23

Table legend:
 A = Non-vault XP
 B = Vault XP
 C = Vault XP percentage of total XP
 D = Non-vault monster count
 E = Vault monster count
 F = Vault count percentage of total count
                 A         B        C        D         E       F
            +---------+---------+-------+---------+---------+-------
      Total |     157 |      71 |  31.1 |      50 |       4 |   7.4
            +---------+---------+-------+---------+---------+-------
        D:1 |      13 |       0 |   0.0 |       8 |       0 |   0.0
        D:2 |      45 |      38 |  45.8 |      16 |       2 |  11.1
        D:3 |      95 |      33 |  25.8 |      24 |       2 |   7.7
        D:4 |       4 |       0 |   0.0 |       2 |       0 |   0.0
            +---------+---------+-------+---------+---------+-------
